 Dungeon Crawl Stone Soup version 0.27.1-35-g4d5d836560 (webtiles) character file.

Game seed: 2920315651078879807

9222 Delamore the Slicer (level 11, 0/71 HPs)
             Began as an Octopode Brigand on May 4, 2022.
             Slain by an unseen horror (10 damage)
             ... on level 11 of the Dungeon.
             The game lasted 00:20:20 (17357 turns).

Delamore the Slicer (Octopode Brigand)             Turns: 17357, Time: 00:20:21

Health: 0/71       AC:  1    Str: 11    XL:     11   Next: 43%
Magic:  11/11      EV: 15    Int: 14    God:
Gold:   608        SH:  5    Dex: 16    Spells: 10/10 levels left

rFire    + . .     SeeInvis .   y - +2 short sword (freeze)
rCold    + . .     Faith    .   (no shield)
rNeg     . . .     Spirit   .   (helmet restricted)
rPois    .         Reflect  +   D - amulet of reflection
rElec    .         Harm     .   e - ring of protection from cold
rCorr    .         Rampage  .   r - ring of protection from fire
Will     .....                  G - ring of flight
Stlth    +++++.....             (no ring)
HPRegen  0.21/turn              (no ring)
MPRegen  0.12/turn              (no ring)
                                (no ring)
                                (no ring)

@: about to teleport, flying
A: almost no armour, amphibious, 8 rings, camouflage 1, gelatinous body 1,
(nimble swimmer 1), tentacles
a: no special abilities


You were on level 11 of the Dungeon.
You visited 2 branches of the dungeon, and saw 12 of its levels.

You collected 762 gold pieces.
You spent 154 gold pieces at shops.

Inventory:

Hand Weapons
 a - a +2 dagger of flaming
 g - the +7 war axe "Tuosem" {vamp, rN++ Str-5 Dex+6}
   (You found it on level 9 of the Dungeon)

   It occasionally heals its wielder for a portion of the damage dealt when it
   wounds a living foe.
   Str:       It affects your strength (-5).
   Dex:       It affects your dexterity (+6).
   rN:        It greatly protects you from negative energy.
 x - a +2 dagger of draining
 y - a +2 short sword of freezing (weapon)
 I - a +2 dagger of speed
Missiles
 b - 61 poisoned darts (quivered)
 c - 2 curare-tipped darts
 j - 4 javelins
 n - 3 boomerangs
 B - a throwing net
 E - 8 silver javelins
Jewellery
 e - a ring of protection from cold (left tentacle)
 r - a ring of protection from fire (right tentacle)
 C - an amulet of magic regeneration
 D - an amulet of reflection (around mantle)
 G - a ring of flight (on tentacle)
Wands
 p - a wand of paralysis (2)
 s - a wand of iceblast (15)
 u - a wand of mindburst (23)
 w - a wand of flame (15)
Scrolls
 f - 2 scrolls of magic mapping
 h - 2 scrolls of brand weapon
 i - 4 scrolls of enchant weapon
 m - 3 scrolls of identify
 A - a scroll of noise
Potions
 d - 2 potions of invisibility {unknown}
 k - 2 potions of mutation
 l - a potion of might
 o - 4 potions of degeneration
 q - a potion of berserk rage {unknown}
 F - 2 potions of haste {unknown}
 H - a potion of magic {unknown}


   Skills:
 - Level 5.0 Fighting
 + Level 11.8 Short Blades
 + Level 6.4 Throwing
 - Level 5.0 Dodging
 - Level 10.0 Stealth
 + Level 7.5 Evocations


You had 10 spell levels left.
You didn't know any spells.
Your spell library contained the following spells:

 Spells                   Type           Power      Damage    Failure   Level
 Slow                     Hex            0%         N/A       41%         2
 Confusing Touch          Hex            0%         N/A       65%         3
 Frozen Ramparts          Ice            0%         1d2       65%         3
 Gell's Gravitas          Tloc           0%         N/A       65%         3
 Lesser Beckoning         Tloc           0%         N/A       65%         3
 Teleport Other           Tloc           0%         N/A       65%         3
 Ice Form                 Ice/Tmut       0%         N/A       96%         4
 Summon Ice Beast         Ice/Summ       0%         N/A       96%         4
 Fireball                 Conj/Fire      0%         3d3       100%        5
 Yara's Violent Unravell  Hex/Tmut       0%         3d3       100%        5
 Starburst                Conj/Fire      0%         6d3       100%        6
 Ignition                 Fire           0%         3d3       100%        8


Dungeon Overview and Level Annotations

Branches:
Dungeon (11/15)            Temple (1/1) D:6
   Lair: D:8-11         Orc: D:9-12

Altars:
Ashenzari
Cheibriados
Dithmenos
Elyvilon
Gozag
Hepliaklqana
Kikubaaqudgha
Makhleb
Okawaru
Qazlal
Ru
Sif Muna
Trog
Uskayaw
Vehumet
Wu Jian
Xom
Yredelemnul
Zin
The Shining One
Jiyva

Shops:
D:3 !   D:7 [

Annotations:
D:9 3 runed translucent doors, kalagan's ghost, novice DECj
D:10 exclusion: 2 statues


Innate Abilities, Weirdness & Mutations

You cannot wear most types of armour.
You are amphibious.
You can wear up to eight rings at the same time.
Your skin changes colour to match your surroundings (Stealth+).
Your rubbery body absorbs attacks. (AC +1, EV +1)
((You are camouflaged near water. (Stealth+)))
You have tentacles for arms and can constrict up to eight enemies at once.


Message History

Press: ? - help, Shift-Dir - straight line, f/p - gargoyle
Aim: a gargoyle, wielding a +0 dire flail (severely damaged, chance to affect: 75%)
The gargoyle's mind is blasted!
You blow up the gargoyle!
i - 4 scrolls of enchant weapon (gained 1)
You block something's attack.
Deactivating autopickup; reactivate with Ctrl-A.
Something barely misses you.
A howler monkey comes into view.
A howler monkey is nearby!
A yak and a howler monkey come into view.
The yak bellows!
You hear a howl!
You hear an angry growl.
Something hits you!
A komodo dragon comes into view.
The howler monkey hits the plant.
The plant begins to die.
A howler monkey comes into view.
The yak gores the plant!
The howler monkey howls! x2; You hear a croak.
Something hits you.
The howler monkey hoots and howls with incredible vigour!
You hear a shout!
Something hits you! Something hits you but does no damage.
You block something's attack. Something hits you!
You hit something. You freeze something. Something hits you but does no damage.
You hit something but do no damage. Your squeeze misses something.
Something hits you.
You hit something but do no damage. You squeeze something.
Something hits you. x2
You barely miss something. You miss something. You squeeze something.
Something hits you!
* * * LOW HITPOINT WARNING * * *
You swing at nothing.
Okay, then.
Okay, then.
Something hits you!
* * * LOW HITPOINT WARNING * * *
Okay, then.
As you read the scroll of teleportation, it crumbles to dust.
You feel strangely unstable. Something hits you!
You die...

#.# ### ### #.# #.. ...
#.# #.# #.# ###. #.# #.#
#.# ... #)# #.# #.# #
.###.###.###.###.##.#####
#................h......#
#....^...##.####.##.^##PP
#........##@# #.... ....
............# #..#.#


hPhP #.......#######..#.# hPY .................# # .P ###.#####.......## l #.
#.####### # #.# #.# #.# There were no monsters in sight!

Vanquished Creatures
  Harold (D:7)
  A gargoyle (D:11)
  Maggie (D:6)
  An efreet (D:10)
  An unseen horror (D:10)
  2 hornets
  A troll (D:10)
  Prince Ribbit (D:6)
  Grinder (D:6)
  A wyvern (D:8)
  5 yaks
  A vampire (D:9)
  3 steam dragons
  Grum (D:9)
  Duvessa (D:6)
  3 acid dragons
  4 orc warriors
  3 sky beasts
  3 ice beasts
  3 black bears
  2 necrophages
  3 wolves (D:9)
  4 ogres (D:5)
  5 centaurs
  3 phantoms
  2 bullfrogs
  Blork the orc (D:6)
  A gnoll sergeant (D:10)
  Dowan (D:6)
  A water moccasin zombie (D:5)
  2 scorpions (D:6)
  A water moccasin skeleton (D:7)
  8 wights
  An electric eel (D:6)
  A crimson imp (D:7)
  2 bullfrog zombies
  A lava snake (D:9)
  A jelly (D:6)
  4 orc priests
  A bullfrog skeleton (D:7)
  3 gnoll shamans
  Jessica (D:3)
  2 centaur skeletons
  Ijyb (D:5)
  2 iguanas
  5 orc wizards
  2 howler monkey zombies (D:9)
  15 gnolls
  6 adders
  2 shadow imps
  A white imp (D:7)
  An ufetubus (D:7)
  A worm (D:3)
  A dart slug (D:3)
  28 orcs
  3 ball pythons
  5 bats
  7 endoplasms
  2 giant cockroaches (D:1)
  6 goblins
  5 hobgoblins
  8 jackals
  3 quokkas
  3 frilled lizards
  9 kobolds
  2 rats (D:1)
207 creatures vanquished.

Vanquished Creatures (others)
  A white imp (D:7)
  4 fungi (D:11)
  7 plants
12 creatures vanquished.

Grand Total: 219 creatures vanquished

Notes
Turn   | Place    | Note
-------+----------+-------------------------------------------
     0 | D:1      | Delamore the Octopode Brigand began the quest for the Orb.
     0 | D:1      | Reached XP level 1. HP: 14/14 MP: 1/1
   201 | D:1      | Reached XP level 2. HP: 19/19 MP: 2/2
   608 | D:1      | Reached skill level 3 in Short Blades
   608 | D:1      | Reached XP level 3. HP: 24/24 MP: 3/3
  1335 | D:2      | Found a faded altar of an unknown god.
  1415 | D:2      | Reached XP level 4. HP: 29/29 MP: 4/4
  1940 | D:3      | Found Boogun's Distillery.
  1947 | D:3      | Bought a potion of degeneration for 14 gold pieces
  1988 | D:3      | Reached skill level 4 in Short Blades
  2037 | D:3      | Noticed Jessica
  2042 | D:3      | Killed Jessica
  2075 | D:3      | Found a hazy altar of Hepliaklqana.
  2105 | D:3      | Reached XP level 5. HP: 34/34 MP: 5/5
  2367 | D:3      | Found an iron altar of Okawaru.
  2670 | D:4      | Noticed a phantom
  3167 | D:3      | Reached skill level 5 in Short Blades
  3280 | D:3      | Reached XP level 6. HP: 39/39 MP: 6/6
  3803 | D:4      | Noticed a necrophage
  3812 | D:4      | Killed a necrophage
  4007 | D:4      | Gained mutation: You are clumsy. (Dex -2) [potion of
                  | mutation]
  4007 | D:4      | Lost mutation: You are clumsy. (Dex -2) [potion of
                  | mutation]
  4014 | D:4      | Reached skill level 6 in Short Blades
  4014 | D:4      | Reached XP level 7. HP: 11/45 MP: 7/7
  5078 | D:5      | Entered Level 5 of the Dungeon
  5358 | D:5      | Reached skill level 7 in Short Blades
  5619 | D:5      | Reached XP level 8. HP: 50/50 MP: 8/8
  5759 | D:5      | Reached skill level 8 in Short Blades
  5896 | D:5      | Noticed Ijyb
  5899 | D:5      | Killed Ijyb
  6140 | D:5      | Reached skill level 9 in Short Blades
  6348 | D:6      | Noticed Grinder
  6348 | D:6      | Noticed Prince Ribbit
  6366 | D:6      | Killed Prince Ribbit
  6367 | D:6      | Reached skill level 5 in Throwing
  6367 | D:6      | Reached XP level 9. HP: 12/54 MP: 9/9
  6613 | D:6      | Killed Grinder
  6614 | D:6      | Reached skill level 1 in Evocations
  6903 | D:6      | Noticed Maggie
  6909 | D:6      | Killed Maggie
  6910 | D:6      | Reached skill level 10 in Short Blades
  7047 | D:6      | Found a staircase to the Ecumenical Temple.
  7202 | Temple   | Entered the Ecumenical Temple
  7461 | D:3      | Bought a potion of heal wounds for 70 gold pieces
  7461 | D:3      | Bought a potion of heal wounds for 70 gold pieces
  7556 | D:6      | Noticed Blork the orc
  7598 | D:6      | Killed Blork the orc
  7691 | D:6      | Reached skill level 5 in Evocations
  8079 | D:6      | Noticed Duvessa
  8080 | D:6      | Noticed Dowan
  8086 | D:6      | Killed Duvessa
  8087 | D:6      | Killed Dowan
  8613 | D:7      | Reached XP level 10. HP: 63/63 MP: 10/10
  8628 | D:7      | Noticed Harold
  8647 | D:7      | Found Kecw's Armour Shoppe.
  8930 | D:7      | Killed Harold
 10617 | D:8      | Reached skill level 10 in Stealth
 11976 | D:8      | Reached skill level 5 in Fighting
 12683 | D:9      | Found a runed translucent gate.
 12683 | D:9      | Found a runed translucent gate.
 12683 | D:9      | Found a runed translucent gate.
 12687 | D:9      | Noticed kalagan's ghost (novice DECj)
 12689 | D:9      | Found a viscous altar of Jiyva.
 12964 | D:9      | Reached skill level 5 in Dodging
 13013 | D:9      | Noticed Grum
 13129 | D:9      | Reached skill level 11 in Short Blades
 13649 | D:9      | Reached XP level 11. HP: 69/71 MP: 11/11
 14001 | D:9      | Killed Grum
 14733 | D:9      | Identified the +7 war axe "Tuosem" {vamp, rN++ Str-5 Dex+6}
 14848 | D:9      | Found a hide-covered altar of Uskayaw.
 14900 | D:9      | Found a glowing silver altar of Zin.
 14900 | D:9      | Found a burning altar of Makhleb.
 14902 | D:9      | Found a glowing golden altar of the Shining One.
 14902 | D:9      | Found a stormy altar of Qazlal.
 14998 | D:10     | Entered Level 10 of the Dungeon
 15602 | D:10     | Noticed an archer statue
 15604 | D:10     | Noticed an archer statue
 16140 | D:10     | Found an ornate altar of the Wu Jian Council.
 16491 | D:10     | Found a bloodstained altar of Trog.
 16492 | D:10     | Found a snail-covered altar of Cheibriados.
 16891 | D:10     | Found an opulent altar of Gozag.
 17357 | D:11     | Slain by an unseen horror

Illustrated notes

Levels and vault maps discovered:
D:1:      giann_wishing_wells, layout_basic
D:2:      layout_rooms, basic_ecumenical_altar, minmay_tree_intersection,
          minmay_misc_feat_chi
D:3:      layout_loops_ring, worldfamousw_hep_ancestral_shrine,
          nicolae_overflow_crystal_walls, serial_shops, nicolae_shop_trees,
          serial_forest, infiniplex_forest_clump_tiny,
          infiniplex_forest_lined_corner, infiniplex_forest_end_2,
          infiniplex_forest_clump_cross, uniq_jessica
D:4:      layout_basic
D:5:      layout_loops_ring, hangedman_decor_slide_cut, uniq_ijyb
D:6:      layout_rooms, minmay_temple_entry_statues_fountains,
          hangedman_glass_teeth, minivault_14, minivault_27, uniq_maggie,
          uniq_prince_ribbit1, uniq_duvessa, uniq_blork_the_orc, uniq_grinder
D:7:      minmay_evil_eye, layout_basic, serial_shops, nicolae_shop_crystal,
          minmay_fire_ice_demons, uniq_harold
D:8:      layout_layer_cave
D:9:      layout_roguey, mainiacjoe_overflow_alcove_3, nicolae_uskayaw_suspiria,
          gammafunk_ghost_ooze, uniq_grum
D:10:     layout_cave_pools, lemuel_round_altar, nicolae_overflow_hidden_temple,
          gammafunk_temple_overflow_statue, minmay_dual_archer_statues
D:11:     layout_basic, grunt_lair_entry_orc_guard_hut, gammafunk_ghost_hive,
          kennysheep_generic_room_14, uniq_psyche, uniq_snorg
Temple:   nicolae_temple_figure_zero

Skill      XL: |  1  2  3  4  5  6  7  8  9 10 11 |
---------------+----------------------------------+-----
Short Blades   | 3 4 5 6 7 9 10 11 | 11.8
Stealth        | 6 7 8 10 | 10.0
Throwing       | 3 5 6 |  6.4
Evocations     | 5 7 |  7.5
Dodging        | 2 5 |  5.0
Fighting       | 3 5 |  5.0

Action                   |  1- 3 |  4- 6 |  7- 9 | 10-12 || total
-------------------------+-------+-------+-------+-------++-------
Melee: Dagger            |    50 |   104 |   128 |       ||   282
       Tentacles         |     7 |    23 |    31 |   104 ||   165
       Constrict         |     5 |    22 |    16 |    42 ||    85
       Short sword       |       |       |    35 |   363 ||   398
       Unarmed           |       |       |       |    14 ||    14
Throw: Dart              |       |    14 |    62 |    60 ||   136
       Javelin           |       |     3 |     1 |     4 ||     8
Evoke: Wand              |       |       |     6 |    10 ||    16
  Use: Scroll            |     1 |     3 |     3 |    12 ||    19
       Potion            |       |     6 |       |     7 ||    13
 Stab: Sleeping          |    10 |     8 |    15 |    11 ||    44
       Paralysed         |       |       |     3 |     1 ||     4
Armor: Skin              |     1 |    11 |     6 |    35 ||    53
Dodge: Dodged            |    21 |    45 |    59 |   176 ||   301
Block: Other             |       |       |       |    42 ||    42
       Reflection        |       |       |       |     1 ||     1
